 Dungeon Crawl Stone Soup version 0.31-a0-876-gfe8ebadbca (webtiles) character file.

Game seed: 10816719923839920458

19868 Arex the Cleaver (level 12, -7/113 HPs)
             Began as a Hill Orc Delver on Oct 12, 2023.
             Was a High Priest of Lugonu.
             Killed from afar by an electric eel (9 damage)
             ... with a bolt of electricity
             ... on level 2 of the Lair of Beasts on Oct 14, 2023.
             The game lasted 00:33:27 (13572 turns).

Arex the Cleaver (Hill Orc Delver)                 Turns: 13572, Time: 00:33:28

Health: -7/113     AC: 19    Str: 20    XL:     12   Next: 73%
Magic:  21/21      EV:  7    Int: 10    God:    Lugonu [*****.]
Gold:   724        SH:  5    Dex: 12    Spells: 11/11 levels left

rFire   . . .        y - +0 war axe (freeze)
rCold   . . .        M - +0 buckler
rNeg    . . .        l - +0 plate armour
rPois   +            R - +0 helmet of Purpose {rPois}
rElec   .            N - +0 cloak
rCorr   .            (no gloves)
SInv    .            x - +0 pair of boots
Will    .....        i - amulet of regeneration Stlth
                     (no ring)
HPRegen 1.18/turn    (no ring)
MPRegen 0.17/turn

%: no passive effects
@: very slow
A: no striking features
a: Renounce Religion, Depart the Abyss, Banish, Corrupt, Enter the Abyss


You were on level 2 of the Lair of Beasts.
You worshipped Lugonu.
Lugonu was extremely pleased with you.
You visited 2 branches of the dungeon, and saw 12 of its levels.
You also visited: Bailey.

You collected 724 gold pieces.

Inventory:

Hand Weapons
 y - a +0 war axe of freezing (weapon)
 Q - a +4 hand axe of freezing
Missiles
 p - a throwing net
Armour
 l - a +0 plate armour (worn)
 x - a +0 pair of boots (worn)
 M - a +0 buckler (worn)
 N - a +0 cloak (worn)
 R - the +0 helmet of Purpose (worn) {rPois}
   (You found it on level 7 of the Dungeon)

   rPois:     It protects you from poison
Jewellery
 i - an amulet of regeneration (around neck)
 n - a ring of flight
 L - a ring of wizardry
Wands
 g - a wand of digging (4)
 z - a wand of quicksilver (8)
 A - a wand of paralysis (12)
 I - a wand of flame (27)
Scrolls
 a - a scroll of identify
 c - 2 scrolls of fog
 e - 4 scrolls of fear
 h - 4 scrolls of enchant weapon
 j - 3 scrolls of noise
 m - 4 scrolls of poison
 s - 2 scrolls of amnesia
 u - a scroll of acquirement {unknown}
 w - a scroll of silence {unknown}
 B - 2 scrolls of brand weapon
 C - 3 scrolls of vulnerability
 D - a scroll of enchant armour {unknown}
 E - 2 scrolls of revelation
 O - 2 scrolls of blinking
Potions
 b - a potion of invisibility {unknown}
 d - 3 potions of heal wounds
 f - 2 potions of haste
 k - 4 potions of mutation {unknown}
 o - 2 potions of berserk rage {unknown}
 q - 2 potions of brilliance {unknown}
 t - 3 potions of cancellation {unknown}
 v - 3 potions of curing
 F - 2 potions of ambrosia {unknown}
 G - 2 potions of might
 H - 5 potions of enlightenment
 J - a potion of lignification {unknown}
 P - a potion of attraction {unknown}


   Skills:
 + Level 12.4 Fighting
 + Level 13.1 Axes
 + Level 10.5 Armour
 - Level 2.6 Dodging
 - Level 4.6 Stealth
 * Level 6.6 Shields
 + Level 12.6 Invocations


You had 11 spell levels left.
You didn't know any spells.
Your spell library contained the following spells:

 Spells                   Type           Power      Damage    Failure   Level
 Freeze                   Ice            0%         1d3       100%        1
 Sandblast                Erth           0%         2d4       100%        1
 Cigotuvi's Dreadful Rot  Necr/Pois/Air  0%         N/A       100%        2
 Jinxbite                 Hex            0%         N/A       100%        2
 Passwall                 Tmut/Erth      0%         N/A       100%        2
 Frozen Ramparts          Ice            0%         1d1       100%        3
 Hailstorm                Conj/Ice       0%         3d3       100%        3
 Ignite Poison            Fire/Tmut/Pois 0%         N/A       100%        3
 Ozocubu's Armour         Ice            0%         N/A       100%        3
 Stone Arrow              Conj/Erth      0%         3d7       100%        3
 Brom's Barrelling Bould  Conj/Erth      0%         2d3       100%        4
 Cause Fear               Hex            0%         N/A       100%        4
 Sticky Flame             Conj/Fire      0%         2d3       100%        4
 Freezing Cloud           Conj/Ice/Air   0%         6-21      100%        5
 Metabolic Englaciation   Hex/Ice        0%         N/A       100%        5
 Simulacrum               Ice/Necr       0%         N/A       100%        6
 Enfeeble                 Hex            0%         N/A       100%        7
 Ozocubu's Refrigeration  Ice            0%         4d7       100%        7
 Ignition                 Fire           0%         3d3       100%        8


Dungeon Overview and Level Annotations

Branches:
Dungeon (10/15)            Temple (0/1) D:6            Lair (2/5) D:9
  Snake (0/4) Lair:2       Bailey (visited)
  Swamp: Lair:2-3    Shoals: Lair:2-3       Orc: D:9-12

Altars:
Cheibriados
Nemelex Xobeh
Okawaru
Lugonu

Shops:
D:4 *   D:5 ::??   D:8 :

Annotations:
Lair:1 2 runed translucent doors, corrupted
Abyss:1 Amaemon, Joseph, Maggie, Maurice


Message History

Unknown command.
The killer bee attacks as it pursues you!
The killer bee stings you.
* * * LOW HITPOINT WARNING * * *
You are poisoned.
The killer bee poisons you! You block the killer bee's attack.
The blink frog blinks!
The killer bee stings you but does no damage.
The blink frog blinks!
As you read the scroll of teleportation, it crumbles to dust.
You feel strangely unstable.
You feel sick. The killer bee closely misses you. The killer bee stings you!
* * * LOW HITPOINT WARNING * * *
The blink frog blinks!
You block the killer bee's attack.
A killer bee comes into view.
You feel sick.
The killer bee buzzes angrily.
The killer bee stings you but does no damage.
The blink frog blinks!
The killer bee stings you.
* * * LOW HITPOINT WARNING * * *
The blink frog blinks!
You feel better. The killer bee barely misses you.
The killer bee stings you but does no damage. x2
Your surroundings suddenly seem different.
Splash!
You fall into the shallow water.
Moving in this stuff is going to be slow.
An electric eel comes into view.
The electric eel shoots out a bolt of lightning at you!
The bolt of electricity hits you.
* * * LOW HITPOINT WARNING * * *
You hear a croak.
Okay, then.
The cane toad gives a loud, deep croak!
The electric eel shoots out a bolt of lightning at you!
The bolt of electricity hits you!
* * * LOW HITPOINT WARNING * * *
The electric eel shoots out a bolt of lightning at you!
The bolt of electricity hits you!
You die...

~~~. P~.. ~~~P. ~~... ♣~~.
~P... ♣S~. ♣..... ~~~ ♣~~..
♣~♣♣~..###. ~~≈ ♣~~~~......
....~P♣~♣≈~P/.......
#....~~~♣~@~........#
#...~~P~~~~.........$#
#....P~P~~~~<........#
#......~~~~..........# ####
##...................P#
...###....................#
...................F......#
..........................#
.........)................##


You could see a cane toad and an electric eel.

Vanquished Creatures
  A two-headed ogre (Bailey)
  5 elephants (Lair:2)
  An orange demon (D:8)
  2 cane toads
  5 komodo dragons
  A black mamba (Lair:1)
  A troll (D:10)
  A polar bear (Lair:1)
  A hornet (D:9)
  5 blink frogs
  Sigmund (D:5)
  7 spriggans (Bailey)
  4 wyverns
  A shadow (D:7)
  3 basilisks
  2 steam dragons
  10 yaks
  6 water moccasins
  3 nagas (Lair:2)
  An acid dragon (D:9)
  4 orc warriors
  3 black bears
  8 ogres
  3 ice beasts
  9 wolves
  A phantom (D:5)
  4 centaurs
  3 kobold brigands
  6 bullfrogs
  A gnoll sergeant (D:9)
  2 scorpions (D:4)
  14 wights
  26 killer bees
  3 howler monkeys
  3 hounds
  4 orc priests
  A gnoll bouda (D:5)
  2 sleepcaps
  Jessica (D:3)
  2 iguanas
  Ijyb (D:5)
  3 orc wizards
  8 hell rats
  20 gnolls
  7 adders
  11 river rats (Lair:1)
  A shadow imp (D:6)
  An ufetubus (D:6)
  A worm (D:5)
  4 dart slugs
  36 orcs
  5 ball pythons
  3 endoplasms
  3 giant cockroaches
  10 goblins
  7 hobgoblins
  13 quokkas
  11 bats
  7 frilled lizards
  20 kobolds
  22 rats
355 creatures vanquished.

Vanquished Creatures (others)
  A death yak (Lair:1)
  A torpor snail (Lair:1)
  A wyvern (Lair:1)
  A water moccasin (Lair:1)
  The ghost of relicbr the Sneak, an amateur SpWn of Kikubaaqudgha (Lair:1)
  A black bear (Lair:1)
6 creatures vanquished.

Grand Total: 361 creatures vanquished

Notes
Turn   | Place    | Note
-------+----------+-------------------------------------------
     0 | D:5      | Arex the Hill Orc Delver began the quest for the Orb.
     0 | D:5      | Reached XP level 1. HP: 19/19 MP: 1/1
     4 | D:5      | Noticed Sigmund
    10 | D:5      | Found Huniem's Magic Scroll Boutique.
    26 | D:5      | Found Dierek's Magic Scroll Emporium.
    91 | D:4      | Reached skill level 3 in Axes
    91 | D:4      | Reached XP level 2. HP: 22/27 MP: 2/2
   167 | D:4      | Noticed a scorpion
   570 | D:1      | Reached XP level 3. HP: 31/33 MP: 3/3
   657 | D:1      | Noticed a great orb of eyes
   713 | D:1      | Noticed an eye of devastation
   714 | D:1      | Found a faded altar of an unknown god.
   721 | D:1      | Noticed an eye of devastation
   723 | D:1      | Noticed a shining eye
   728 | D:1      | Prayed at the altar of an unknown god.
   728 | D:1      | Became a worshipper of Lugonu the Unformed
   728 | D:1      | Reached * piety under Lugonu
  1972 | D:2      | Reached XP level 4. HP: 40/40 MP: 4/4
  2121 | D:3      | Noticed Jessica
  2137 | D:3      | Killed Jessica
  2138 | D:3      | Reached skill level 1 in Invocations
  2295 | D:3      | Reached XP level 5. HP: 41/47 MP: 4/6
  2383 | D:3      | Reached skill level 4 in Axes
  2438 | D:3      | Reached ** piety under Lugonu
  3007 | D:4      | Reached XP level 6. HP: 52/55 MP: 7/7
  3087 | D:4      | Reached skill level 5 in Fighting
  3087 | D:4      | Reached skill level 1 in Armour
  3087 | D:4      | Found Dozushud's General Store.
  3477 | D:4      | Reached skill level 5 in Axes
  3477 | D:4      | Reached XP level 7. HP: 51/61 MP: 9/9
  3762 | D:5      | Reached *** piety under Lugonu
  3817 | D:5      | Found Gugelu Kuta's Tiny Tomes.
  3827 | D:5      | Found Riuluz's Book Shop.
  4022 | D:5      | Killed Sigmund
  4073 | D:5      | Found Huniem's Magic Scroll Boutique.
  4082 | D:5      | Found Dierek's Magic Scroll Emporium.
  4258 | D:5      | Noticed Ijyb
  4265 | D:5      | Killed Ijyb
  4266 | D:5      | Reached skill level 6 in Axes
  4337 | D:5      | Upgraded the game from 0.31-a0-875-g02e7d12df6 to
                  | 0.31-a0-876-gfe8ebadbca
  4364 | D:6      | Reached XP level 8. HP: 61/70 MP: 11/11
  4413 | D:5      | Reached skill level 5 in Invocations
  5158 | D:6      | Reached skill level 7 in Axes
  5313 | D:6      | Found a sparkling altar of Nemelex Xobeh.
  5559 | D:6      | Found a staircase to the Ecumenical Temple.
  5911 | D:6      | Reached skill level 5 in Armour
  5911 | D:6      | Reached XP level 9. HP: 37/79 MP: 12/14
  6322 | D:7      | Reached skill level 8 in Axes
  6503 | D:7      | Identified the +0 helmet of Purpose {rPois}
  6979 | D:8      | Noticed a deep elf pyromancer
  6997 | D:8      | Banished a deep elf pyromancer
  7055 | D:8      | Reached skill level 9 in Axes
  7061 | D:8      | Found Jith's Tremendous Tomes.
  7138 | D:8      | Found a flagged portal.
  7147 | Bailey   | Entered a bailey
  7191 | Bailey   | Reached XP level 10. HP: 25/90 MP: 16/16
  7268 | Bailey   | Noticed a two-headed ogre
  7277 | Bailey   | Killed a two-headed ogre
  7476 | Bailey   | Reached skill level 10 in Axes
  8305 | Bailey   | Reached skill level 10 in Fighting
  9091 | D:8      | Reached **** piety under Lugonu
  9092 | D:8      | Reached skill level 10 in Invocations
  9421 | D:8      | Noticed Amaemon
  9421 | D:8      | Noticed an orange demon
  9422 | D:8      | Banished Amaemon
  9423 | D:8      | Reached XP level 11. HP: 101/101 MP: 13/18
  9440 | D:8      | Reached skill level 11 in Axes
  9560 | D:9      | Noticed Maurice
  9561 | D:9      | Banished Maurice
  9853 | D:9      | Found an iron altar of Okawaru.
 10455 | D:9      | Found a staircase to the Lair.
 10584 | D:10     | Entered Level 10 of the Dungeon
 10585 | D:10     | Found a snail-covered altar of Cheibriados.
 10633 | D:10     | Noticed Maggie
 10635 | D:10     | Banished Maggie
 10666 | D:10     | Noticed Joseph
 10667 | D:10     | Banished Joseph
 11090 | Lair:1   | Entered Level 1 of the Lair of Beasts
 11433 | D:9      | Reached skill level 12 in Axes
 11451 | Lair:1   | Reached skill level 1 in Shields
 11638 | Lair:1   | Identified the +5 dagger of the Fool {drain, Drain rF+ rC+
                  | Dex+3}
 11858 | Lair:1   | Found a large runed translucent door.
 11859 | Lair:1   | Found a large runed translucent door.
 11861 | Lair:1   | Noticed relicbr's ghost (amateur SpWn)
 11914 | Lair:1   | Noticed a death yak
 11922 | Lair:1   | Corrupted Lair:1
 11922 | Lair:1   | Noticed a hell hog
 11924 | Lair:1   | Noticed a necromancer
 11925 | Lair:1   | Noticed a thrashing horror
 11926 | Lair:1   | Killed a death yak
 11928 | Lair:1   | Killed relicbr's ghost
 11996 | Lair:1   | Noticed a starcursed mass
 12209 | Lair:1   | Reached XP level 12. HP: 29/111 MP: 20/20
 12871 | Lair:2   | Reached skill level 10 in Armour
 12992 | Lair:2   | Reached skill level 5 in Shields
 13298 | Lair:2   | Got an antique book
 13320 | Lair:2   | Found a staircase to the Snake Pit.
 13462 | Lair:2   | Reached ***** piety under Lugonu
 13493 | Lair:2   | Reached skill level 13 in Axes
 13572 | Lair:2   | HP: 2/113 [electric eel/bolt of electricity (12)]
 13572 | Lair:2   | Killed from afar by an electric eel

Illustrated notes

Levels and vault maps discovered:
D:1:      minmay_arrival_glassed_features, layout_basic,
          hellmonk_ecumenical_altar_watching_god
D:2:      layout_loops_ring, serial_bayou, serial_bayou_ford_a,
          serial_bayou_pond_b, serial_bayou_shore_b, serial_bayou_shore_a
D:3:      layout_rooms, minmay_misc_feat_iff, small_statue_intersection,
          kennysheep_jessica_study
D:4:      layout_loops_ring, kennysheep_diamond, dreamdust_princess_bridge
D:5:      layout_basic, serial_shops, shop, shop, nicolae_shop_behind_doors,
          hex_tiny, nicolae_shop_i_like_small_books_too, uniq_ijyb, uniq_sigmund
D:6:      cheibrodos_helix_gallery, layout_layer_cave,
          nemelex_dance_club_becter, minmay_temple_entry_antechambers
D:7:      layout_basic, nicolae_tricolors
D:8:      layout_gridville, enter_bailey_2,
          lightli_ossuary_entry_decrepit_ruins, grunt_ministairs_2,
          nicolae_shop_i_like_big_books, uniq_amaemon
D:9:      layout_basic, mainiacjoe_overflow_surrounded_room, erik_lair_dragon,
          minivault_16, chequers_serial_rivers_micro_b, uniq_maurice
D:10:     layout_cave_pods, mainiacjoe_overflow_small_starburst,
          mainiacjoe_overflow_concentric_impassable,
          mainiacjoe_overflow_big_doors, gammafunk_ghost_necromancy,
          uniq_maggie, uniq_joseph, uniq_nergalle
Lair:1:   lemuel_ratsnest, layout_regular_city, ebering_ghost_disaster_area,
          lemuel_fruit_tree, infiniplex_staircase_pool
Lair:2:   regret_index_tunnel_blossom, layout_long_grid,
          nicolae_snake_entry_squirm, enter_volcano_3,
          portal_ice_cave_demonic_guard, serial_bayou_lagoon_a

Skill      XL: |  1  2  3  4  5  6  7  8  9 10 11 12 |
---------------+-------------------------------------+-----
Axes           | 3 4 5 6 7 9 10 12 13 | 13.1
Fighting       | 4 5 6 7 8 10 11 12 | 12.4
Dodging        | 2 |  2.6
Invocations    | 1 2 3 4 6 8 10 11 12 | 12.6
Armour         | 2 3 5 6 8 9 10 | 10.5
Shields        | 3 6 |  6.6
Stealth        | |  4.6

Action                     |  1- 3 |  4- 6 |  7- 9 | 10-12 || total
---------------------------+-------+-------+-------+-------++-------
  Melee: Hand axe          |   142 |    25 |   271 |   533 ||   971
         Punch             |     1 |       |     4 |     8 ||    13
         War axe           |       |   111 |    58 |   232 ||   401
 Invoke: Banish            |       |       |     3 |     6 ||     9
         Corrupt           |       |       |       |     1 ||     1
  Evoke: Wand              |     1 |       |     7 |    12 ||    20
    Use: Scroll            |     4 |       |     6 |     7 ||    17
         Potion            |       |       |     1 |     9 ||    10
   Stab: Sleeping          |     5 |     4 |     2 |       ||    11
         Paralysed         |       |       |     3 |       ||     3
         Distracted        |       |       |       |     1 ||     1
 Armour: Leather armour    |     6 |       |       |       ||     6
         Ring mail         |    86 |   100 |    27 |       ||   213
         Chain mail        |       |       |   296 |   195 ||   491
         Plate armour      |       |       |       |   597 ||   597
  Dodge: Dodged            |    93 |    83 |   172 |   302 ||   650
  Block: Buckler           |       |       |       |   103 ||   103

Table legend: (Time is in decaauts)
 A = Elapsed time spent in this place.
 B = Non-inter-level travel time spent in this place.
 C = Inter-level travel time spent in this place.
 D = Time resting spent in this place.
 E = Time spent auto-exploring this place.
 F = Levels seen in this place.
 G = Mean time per level.
                   A        B        C        D        E       F      G
               +--------+--------+--------+--------+--------+-----+--------+
         Total |  13497 |  12658 |    839 |   2774 |   6369 |  13 | 1038.2 |
       Dungeon |  10199 |   9400 |    799 |   1430 |   5574 |  10 | 1019.9 |
          Lair |   2083 |   2043 |     40 |    476 |    795 |   2 | 1041.5 |
        Bailey |   1214 |   1214 |      0 |    868 |      0 |   1 | 1214.0 |
               +--------+--------+--------+--------+--------+-----+--------+

Top non-repeatable levels by time:
     D:9: 1547 daAuts
     D:6: 1443 daAuts
     D:8: 1399 daAuts
  Lair:1: 1330 daAuts
  Bailey: 1214 daAuts
     D:7: 1055 daAuts
     D:1: 1018 daAuts
     D:5: 1003 daAuts
     D:2: 983 daAuts
     D:4: 873 daAuts
  Lair:2: 752 daAuts
     D:3: 745 daAuts
    D:10: 130 daAuts
